 Dungeon Crawl Stone Soup version 0.23-a0-315-ga85b81c (webtiles) character file.

2751 Amnesiac the Geomancer (level 9, -1/68 HPs)
             Began as a Deep Dwarf Earth Elementalist on Oct 13, 2018.
             Was a Follower of Ashenzari.
             Slain by Prince Ribbit (13 damage)
             ... on level 8 of the Dungeon.
             The game lasted 00:26:22 (8666 turns).

Amnesiac the Geomancer (DDEE)                       Turns: 8666, Time: 00:26:23

Health: -1/68      AC:  6    Str: 12    XL:     9   Next: 41%
Magic:  3/12       EV: 12    Int: 19    God:    Ashenzari [*.....]
Gold:   532        SH:  0    Dex: 13    Spells: 1/13 levels left

rFire    . . .     SeeInvis .   a - +0 dagger (venom)
rCold    . . .     Gourm    +   (no shield)
rNeg     . . .     Faith    .   c - +0 robe
rPois    .         Spirit   .   (no helmet)
rElec    .         Reflect  .   u - +0 cloak
rCorr    .         Harm     .   (no gloves)
MR       +....                  h - +1 pair of boots
Stlth    ++++......             q - amulet of the gourmand
HPRegen  0.00/turn              f - ring of wizardry
MPRegen  0.13/turn              s - +1 ring of protection

@: about to teleport, non-regenerating
A: damage resistance, heal wounds, sense surroundings 2, no regeneration
a: Heal Wounds, Curse Item, Scrying, Renounce Religion


You were on level 8 of the Dungeon.
You worshipped Ashenzari.
Ashenzari was aware of your devotion.
You were completely stuffed.

You visited 1 branch of the dungeon, and saw 8 of its levels.

You collected 546 gold pieces.
You spent 14 gold pieces at shops.

Inventory:

Hand Weapons
 a - a +0 dagger of venom (weapon)
Missiles
 e - 250 stones (quivered)
Armour
 c - a +0 robe (worn)
 h - a +1 pair of boots (worn)
 r - a +0 shield
 u - a +0 cloak (worn)
Jewellery
 f - a ring of wizardry (left hand)
 q - an amulet of the gourmand (around neck)
 s - a +1 ring of protection (right hand)
Wands
 k - a wand of flame (37)
 t - a wand of iceblast (7)
 z - a wand of acid (4)
Scrolls
 b - 4 scrolls of enchant armour {!r}
 g - 6 scrolls of identify {!r}
 j - a scroll of magic mapping {!r}
 m - a scroll of blinking {!r}
 n - 3 scrolls of amnesia {!r}
 o - 2 scrolls of remove curse {!r}
 p - 2 scrolls of enchant weapon {!r}
Potions
 l - a potion of flight {!q}
 w - a potion of agility {!q}
 x - 2 potions of mutation {!q}
Comestibles
 d - 14 rations


   Skills:
 - Level 8.1 Short Blades
 - Level 2.1 Dodging
 - Level 8.0 Stealth
 + Level 0.0 Shields
 - Level 2.5 Spellcasting
 - Level 4.0 Transmutations
 - Level 8.1 Earth Magic


You had one spell level left.
You knew the following spells:

 Your Spells              Type           Power        Failure   Level  Hunger
a - Sandblast             Erth           ####..       1%          1    #......
b - Passwall              Tmut/Erth      ####....     1%          2    ##.....
d - Lee's Rapid Deconstr  Erth           ####......   6%          5    ######.
e - Petrify               Tmut/Erth      ####....     5%          4    #####..

Your spell library contained the following spells:

 Spells                   Type           Power        Failure   Level  Hunger
 Stone Arrow              Conj/Erth      ###...       3%          3    ###....


Dungeon Overview and Level Annotations

Branches:
Dungeon (8/15)             Temple (0/1) D:7
   Lair: D:8-11

Altars:
Ashenzari
Cheibriados
Gozag
Xom

Shops:
D:5 [[!*   D:6 ?

Annotations:
D:7 Edmund
D:8 Prince Ribbit


Innate Abilities, Weirdness & Mutations

You are resistant to damage.
You can heal yourself by infusing magical energy.
You passively map the area around you.
You do not regenerate.


Message History

an uncursed amulet of faith; an uncursed dagger of chaos; an uncursed robe
There is an open door here.
Casting: Petrify (safe; 5% risk of failure)
Confirm with . or Enter, or press ? or * to list all spells.
Aiming: Lee's Rapid Deconstruction (safe; 6% risk of failure)
Press: ? - help, Dir - move target cursor, f/p - ogre Fragment what (e.g. wall or brittle monster)?: an ogre, wielding a giant club The ogre shatters!
The ogre is heavily wounded.
The blast of petrified fragments hits Prince Ribbit.
Prince Ribbit is moderately wounded.
You hear a shout!
The ogre stops moving altogether!
Prince Ribbit hits you!
* * * LOW HITPOINT WARNING * * *
Unknown command.
Really quaff
i - a potion of heal wounds {!q}?
You feel much better. Prince Ribbit hits you!
* * * LOW HITPOINT WARNING * * *
Prince Ribbit hits you!
* * * LOW HITPOINT WARNING * * *
The helpless ogre fails to defend itself.
You spit the ogre like a pig!!!
You kill the ogre!
Training target 8.0 for Short Blades reached!
Your Short Blades skill increases to level 8!
You need to enable at least one skill for training.
Prince Ribbit hits you!
* * * LOW HITPOINT WARNING * * *
Unknown command.
Okay, then.
You feel much better. Prince Ribbit hits you!
* * * LOW HITPOINT WARNING * * *
Prince Ribbit hits you.
* * * LOW HITPOINT WARNING * * *
You feel much better. Prince Ribbit hits you.
Casting: Lee's Rapid Deconstruction (safe; 6% risk of failure)
Confirm with . or Enter, or press ? or * to list all spells.
You don't have enough magic to cast that spell.
Unknown command.
You hit Prince Ribbit but do no damage.
Prince Ribbit is poisoned.
Prince Ribbit is moderately wounded.
Prince Ribbit hits you!
* * * LOW HITPOINT WARNING * * *
A centaur comes into view.
You barely miss Prince Ribbit.
Prince Ribbit is moderately wounded.
Prince Ribbit hits you but does no damage.
The centaur wields a runed shortbow.
The centaur shoots an arrow.
The arrow closely misses you. Prince Ribbit barely misses you.
The centaur shoots an arrow.
The arrow barely misses you.
You see here an arrow.
Prince Ribbit hits you!
* * * LOW HITPOINT WARNING * * *
There is an open door, spattered with blood here.
Things that are here:
an uncursed amulet of faith; an uncursed dagger of chaos; an uncursed robe
Okay, then.
Okay, then.
Really read
A - a scroll of teleportation {!r}?
As you read the scroll of teleportation {!r}, it crumbles to dust.
You feel strangely unstable. Prince Ribbit barely misses you.
Prince Ribbit hits you!
You die...

,+.....#....# ,, , ,
,#.....#....#,
,#.....#....#, , ,
,,#.....########+# * , ,
.###+###..............., ,
, .......................,,
,, ,.......................
, ,.......................,
, .............@F........,,
,, ,
.............##'#######+#**
, .#############..(........
* , , , ,........()...).. ,
, , ,, , ................,
, , , ,, ,
...c............. , , ,, *,
,, #...##........... *, ,
,* , #...*#...####.##. , ,
, * ** #..,*#...#* .# ,, ,


You could see Prince Ribbit.

Vanquished Creatures
  Psyche (D:8)
  A spriggan (D:7)
  A hungry ghost (D:5)
  An orc warrior (D:7)
  An ice beast (D:5)
  2 phantoms
  An eye of draining (D:5)
  5 ogres
  A centaur (D:6)
  3 scorpions
  3 howler monkeys (D:7)
  4 crimson imps
  2 bullfrog zombies
  2 hounds
  2 jellies
  4 orc wizards
  2 bullfrog skeletons
  5 worker ants
  An iguana (D:5)
  A hound zombie (D:7)
  6 gnolls
  A howler monkey skeleton (D:7)
  6 adders
  3 oozes
  3 adder skeletons
  3 worms
  7 leopard geckos
  9 orcs
  A ball python (D:4)
  8 bats
  7 giant cockroaches
  8 goblins
  8 hobgoblins
  7 jackals
  7 kobolds
  4 quokkas
  A ball python skeleton (D:4)
  4 frilled lizards
  A giant cockroach zombie (D:5)
  A jackal skeleton (D:4)
  5 rats
143 creatures vanquished.

Notes
Turn   | Place    | Note
-------+----------+-------------------------------------------
     0 | D:1      | Amnesiac the Deep Dwarf Earth Elementalist began the quest
                  | for the Orb.
     0 | D:1      | Reached XP level 1. HP: 15/15 MP: 3/3
   290 | D:3      | Reached XP level 2. HP: 22/22 MP: 1/5
   294 | D:3      | Learned a level 2 spell: Passwall
   424 | D:4      | Noticed an ogre
   498 | D:5      | Entered Level 5 of the Dungeon
   542 | D:5      | Noticed an ice beast
   702 | D:4      | Reached skill level 1 in Transmutations
   803 | D:4      | Reached XP level 3. HP: 28/28 MP: 3/6
   833 | D:4      | Reached skill level 1 in Short Blades
  1087 | D:4      | Noticed an ogre
  1099 | D:4      | Killed an ogre
  1099 | D:4      | Reached XP level 4. HP: 36/36 MP: 2/7
  1116 | D:4      | Reached XP level 5. HP: 42/42 MP: 1/8
  1603 | D:5      | Noticed a hungry ghost
  1604 | D:5      | Noticed an eye of draining
  1802 | D:5      | Found a snail-covered altar of Cheibriados.
  1822 | D:5      | Killed a hungry ghost
  1822 | D:5      | Reached XP level 6. HP: 22/49 MP: 5/9
  1880 | D:5      | Found Quklinab's Armour Shoppe.
  2225 | D:5      | Reached XP level 7. HP: 12/55 MP: 0/10
  2469 | D:4      | Learned a level 4 spell: Petrify
  3350 | D:6      | Noticed Edmund
  3409 | D:5      | Reached skill level 5 in Stealth
  3444 | D:5      | Reached skill level 5 in Short Blades
  3515 | D:5      | Found an opulent altar of Gozag.
  3571 | D:5      | Found Sudy's Distillery.
  3584 | D:5      | Found Esosh's Armour Boutique.
  3604 | D:5      | Found Affisme's General Store.
  4155 | D:6      | Reached skill level 5 in Earth Magic
  4425 | D:6      | Reached XP level 8. HP: 41/62 MP: 0/11
  4685 | D:6      | Found Gimpext's Magic Scroll Shop.
  4691 | D:6      | Bought a scroll of noise for 14 gold pieces
  5474 | D:7      | Found a shattered altar of Ashenzari.
  5484 | D:7      | Became a worshipper of Ashenzari the Shackled
  5524 | D:7      | Learned a level 5 spell: Lee's Rapid Deconstruction
  6869 | D:2      | Reached * piety under Ashenzari
  7952 | D:7      | Found a staircase to the Ecumenical Temple.
  7954 | D:7      | Found a faded altar of an unknown god.
  8056 | D:7      | Gained mutation: You passively map the area around you.
                  | [Deep Dwarf growth]
  8056 | D:7      | Reached XP level 9. HP: 33/68 MP: 12/12
  8203 | D:7      | Found a shimmering altar of Xom.
  8633 | D:8      | Noticed Psyche
  8643 | D:8      | Killed Psyche
  8648 | D:8      | Noticed Prince Ribbit
  8666 | D:8      | Slain by Prince Ribbit

Vault maps used:
D:1:      roderic_dead_forest
D:2:      first_ration, serial_co_window_serial, co_window_corner_a,
          co_window_paths_a, co_window_corner_a, co_window_corner_a,
          co_window_corner_a, co_window_cross_1, co_window_unsneaky_path_b,
          co_window_corner_ca, co_window_of_opportunity_c, co_window_paths_c,
          co_window_corner_cb, co_window_sun, glass_columns_b, glass_columns_a,
          glass_columns_b
D:3:      minmay_crystal_water
D:5:      lemuel_doored_altar, lemuel_crystal_altar, serial_shops, shop,
          nicolae_shop_behind_doors, nicolae_shop_statue_plus, shop_fountains
D:6:      serial_shops, shop, dk_noncrumbling_4, uniq_edmund
D:7:      ashenzari_altar_1, kennysheep_little_box,
          nicolae_temple_entry_ecumenical, kennysheep_nondescript, the_bakery
D:8:      uniq_joseph, uniq_prince_ribbit1, uniq_psyche

Skill      XL: |  1  2  3  4  5  6  7  8  9 |
---------------+----------------------------+-----
Stealth        | 3 4 5 7 8 |  8.0
Spellcasting   | 2 |  2.5
Transmutations | 1 2 3 4 |  4.0
Short Blades   | 3 4 5 7 8 |  8.1
Earth Magic    | 5 8 |  8.1
Dodging        | |  2.1

Action                   |  1- 3 |  4- 6 |  7- 9 || total
-------------------------+-------+-------+-------++-------
Melee: Short sword       |     7 |       |       ||     7
       Dagger            |     3 |   104 |   291 ||   398
 Cast: Sandblast         |    16 |    51 |    63 ||   130
       Passwall          |     3 |     4 |    11 ||    18
       Petrify           |       |       |    52 ||    52
       Lee's Rapid Decon |       |       |     2 ||     2
 Abil: Heal Wounds       |       |       |     2 ||     2
  Use: Scroll            |     1 |       |    10 ||    11
       Potion            |       |     1 |    18 ||    19
 Stab: Sleeping          |     6 |     2 |    26 ||    34
       Petrified         |       |       |    38 ||    38
       Petrifying        |       |       |     1 ||     1
  Eat: Chunk             |       |     9 |    35 ||    44
       Ration            |       |     1 |     3 ||     4
Armor: Robe              |     2 |    26 |    83 ||   111
Dodge: Dodged            |     7 |    52 |   180 ||   239

Table legend:
 A = Non-vault XP
 B = Vault XP
 C = Vault XP percentage of total XP
 D = Non-vault monster count
 E = Vault monster count
 F = Vault count percentage of total count
                 A         B        C        D         E       F
            +---------+---------+-------+---------+---------+-------
      Total |    3277 |     653 |  16.6 |     141 |       2 |   1.4
            +---------+---------+-------+---------+---------+-------
        D:1 |      20 |       0 |   0.0 |      12 |       0 |   0.0
        D:2 |      65 |       0 |   0.0 |      26 |       0 |   0.0
        D:3 |      32 |       0 |   0.0 |      12 |       0 |   0.0
        D:4 |     400 |       0 |   0.0 |      16 |       0 |   0.0
        D:5 |    1030 |       0 |   0.0 |      30 |       0 |   0.0
        D:6 |     573 |       0 |   0.0 |      15 |       0 |   0.0
        D:7 |     910 |     205 |  18.4 |      24 |       1 |   4.0
        D:8 |     247 |     448 |  64.5 |       6 |       1 |  14.3
            +---------+---------+-------+---------+---------+-------
